 Dungeon Crawl Stone Soup version 0.31-a0-986-g5e6e4ef867 (webtiles) character file.

Game seed: 7748110514226092292

84 LeprechaunX the Changeling (level 4, -4/29 HPs)
             Began as an Octopode Shapeshifter on Nov 21, 2023.
             Slain by a gnoll
             ... wielding a +0 whip
              (5 damage)
             ... on level 2 of the Dungeon.
             The game lasted 00:01:29 (1487 turns).

LeprechaunX the Changeling (Octopode Shapeshifter)  Turns: 1487, Time: 00:01:29

Health: -4/29      AC:  1    Str: 13    XL:     4   Next: 46%
Magic:  4/4        EV: 13    Int: 12    God:
Gold:   128        SH:  0    Dex: 13    Spells: 3/3 levels left

rFire   . .          .
                       - Unarmed
rCold   . . .        (no shield)
rNeg    . . .        (helmet currently unavailable)
rPois   .            (no amulet)
rElec   .            g - ring of flight
rCorr   .            (no ring)
SInv    .            (no ring)
Will    .....        (no ring)
Stlth   ++           (no ring)
HPRegen 0.24/turn    (no ring)
MPRegen 0.09/turn    (no ring)
                     (no ring)

%: no passive effects
@: beast-form, flying
A: beast (slay +2), almost no armour, amphibious, 8 rings, camouflage 1,
gelatinous body 1, (nimble swimmer 1), tentacles
a: Begin Untransformation


You were on level 2 of the Dungeon.
You were a hulking beast.
You visited 1 branch of the dungeon, and saw 2 of its levels.

You collected 128 gold pieces.

Inventory:

Missiles
 e - 2 throwing nets
Jewellery
 g - a ring of flight (left tentacle)
Talismans
 b - a beast talisman
 c - a flux talisman
 i - a maw talisman
Scrolls
 d - 3 scrolls of identify {unknown}
 j - a scroll of blinking {unknown}
 k - 3 scrolls of teleportation {unknown}
 l - a scroll of noise {unknown}
 m - 3 scrolls of enchant weapon {unknown}
Potions
 a - a potion of lignification
 f - a potion of haste {unknown}
 h - a potion of curing {unknown}
 n - a potion of mutation {unknown}
 o - a potion of invisibility {unknown}


   Skills:
 + Level 2.2 Fighting
 - Level 2.0 Dodging
 + Level 3.5 Unarmed Combat
 * Level 4.0 Shapeshifting


You had 3 spell levels left.
You didn't know any spells.
Your spell library was empty.

Dungeon Overview and Level Annotations

Branches:
Dungeon (2/15)

Altars:

Shops:
D:2 :


Innate Abilities, Weirdness & Mutations

You are a hulking beast.
Your limbs bulge with bestial killing power. (Slay +2)
You cannot wear most types of armour.
You are amphibious.
You can wear up to eight rings at the same time.
Your skin changes colour to match your surroundings (Stealth+).
Your rubbery body absorbs attacks. (AC +1, EV +1)
((You are camouflaged when in or above water. (Stealth+)))
You have tentacles for arms and can constrict up to eight enemies at once.


Message History

There is an open door here.
The quokka closely misses you.
You barely miss the quokka. You grab the quokka. You squeeze the quokka.
You kill the quokka!
No target in view!
No target in view!
You see here a quokka corpse.
A frilled lizard comes into view.
The frilled lizard hisses angrily.
A frilled lizard is nearby!
A frilled lizard is nearby!
A frilled lizard is nearby!
A frilled lizard is nearby!
The frilled lizard bites you.
You barely miss the frilled lizard. Your grab misses the frilled lizard.
The frilled lizard barely misses you.
You bludgeon the frilled lizard!
You kill the frilled lizard!
No target in view!
k - 3 scrolls labelled WEWUCR FUCS (gained 1)
You now have 128 gold pieces (gained 12).
There is a stone staircase leading up here. 2 gnolls come into view.
There are monsters nearby!
There are monsters nearby!
There are monsters nearby!
The gnoll shouts!
You hear a shout!
The gnoll shouts!
You hear a shout!
You closely miss the gnoll. Your grab misses the gnoll.
The gnoll hits you with a +0 whip. The gnoll barely misses you.
The gnoll attacks as it pursues you! The gnoll barely misses you.
A gnoll comes into view. It is wielding a +0 club.
The gnoll attacks as it pursues you! The gnoll hits you with a +0 whip.
The gnoll hits you from afar with a +0 halberd of freezing!
Ouch! That really hurt!
* * * LOW HITPOINT WARNING * * *
The gnoll freezes you!
* * * LOW HITPOINT WARNING * * *
The gnoll barely misses you. The gnoll attacks as it pursues you!
The gnoll hits you with a +0 whip.
You die...

#.... .. #.....## #.#
..........##### ###### ..........
..# #..... #..# #.g###.###.#
#.#### #..# #..gg......# #.# #
##..####.####g##### #.#
##........##...h..# #.#
##..†..######.#.##.# #.#
#.......## #...##.# ###.####
.........####[.....#######.......
.........'.......................
.........####...#.########.....##
#.......## ##....# #.....#
##.....## ###...### #.#####
##...## #.......# #.######


You could see 2 gnolls.

Vanquished Creatures
  4 gnolls (D:2)
  2 worms (D:2)
  A dart slug (D:2)
  3 ball pythons
  2 endoplasms (D:1)
  3 giant cockroaches
  3 hobgoblins
  3 quokkas
  6 bats
  5 frilled lizards
  2 goblins
  4 kobolds
  3 rats
41 creatures vanquished.

Notes
Turn   | Place    | Note
-------+----------+-------------------------------------------
     0 | D:1      | LeprechaunX the Octopode Shapeshifter began the quest for
                  | the Orb.
     0 | D:1      | Reached XP level 1. HP: 13/13 MP: 1/1
   143 | D:1      | Reached XP level 2. HP: 14/18 MP: 2/2
   689 | D:2      | Reached XP level 3. HP: 23/23 MP: 3/3
  1047 | D:2      | Found Leusmiu's Book Boutique.
  1097 | D:2      | Reached XP level 4. HP: 29/29 MP: 4/4
  1115 | D:2      | Reached skill level 4 in Shapeshifting
  1486 | D:2      | HP: 1/29 [gnoll/+0 halberd of freezing (7)]
  1487 | D:2      | Slain by a gnoll

Illustrated notes

Levels and vault maps discovered:
D:1:      shiori_shiawase, layout_loops_ring
D:2:      layout_loops_corners, serial_shops, nicolae_diamond_shop

Skill      XL: |  1  2  3  4 |
---------------+-------------+-----
Fighting       | 2 |  2.2
Shapeshifting  | 4 |  4.0
Dodging        | |  2.0
Unarmed Combat | |  3.5

Action                     |  1- 3 |  4- 6 || total
---------------------------+-------+-------++-------
  Melee: Unarmed           |    65 |    16 ||    81
         Constrict         |    21 |     5 ||    26
         Tentacles         |    11 |     6 ||    17
         Punch             |     3 |       ||     3
   Stab: Distracted        |     1 |       ||     1
         Sleeping          |     2 |       ||     2
 Armour: Skin              |    22 |    10 ||    32
  Dodge: Dodged            |    36 |     8 ||    44

Table legend: (Time is in decaauts)
 A = Elapsed time spent in this place.
 B = Non-inter-level travel time spent in this place.
 C = Inter-level travel time spent in this place.
 D = Time resting spent in this place.
 E = Time spent auto-exploring this place.
 F = Levels seen in this place.
 G = Mean time per level.
                   A        B        C        D        E       F      G
               +--------+--------+--------+--------+--------+-----+--------+
         Total |   1482 |   1427 |     55 |      0 |   1141 |   2 |  741.0 |
       Dungeon |   1482 |   1427 |     55 |      0 |   1141 |   2 |  741.0 |
               +--------+--------+--------+--------+--------+-----+--------+

Top non-repeatable levels by time:
     D:2: 824 daAuts
     D:1: 657 daAuts
